Map: New Repugnancy LE

Players

edreese - Winner!

  • Race: Terran Terran
  • League: Platinum
  • Spawn Location: 7:00

pHARM

  • Race: Zerg Zerg
  • League: Platinum
  • Spawn Location: 1:00

VOD

Have the link to the VOD?

Description

Time

  • Played on: Aug. 8, 2019, 1:51 a.m.
  • Length: 29:36
Show
View Real Time Build Order
Export as new Build Order

edreese Terran - Winner!

Build Orders: Reaper Expand 

Get SALT Encoding   

  12  0:00  SCV  
  13  0:12  SCV  
  14  0:18  Supply Depot  
  14  0:24  SCV  
  15  0:39  SCV  
  15  0:41  Barracks  
  16  0:44  Refinery  
  16  0:51  SCV  
  17  1:03  SCV  
  18  1:15  SCV  
  19  1:30  Orbital Command  
  19  1:31  Reaper  
  20  1:46  Refinery  
  20  1:48  Command Center  
  20  1:55  Supply Depot  
  20  1:57  SCV  
  21  2:03  Marine  
  22  2:09  SCV  
  23  2:16  Factory  
  23  2:22  Barracks Reactor  
  23  2:28  SCV  
  24  2:40  SCV  
  25  2:53  SCV  
  26  3:11  SCV  
  27  3:15  Orbital Command  
  27  3:19  Hellion x2  
  31  3:23  SCV  
  32  3:28  Starport  
  32  3:32  Barracks Tech Lab  
  32  3:35  SCV  
  32  3:41  Barracks  
  33  3:42  SCV  
  33  3:44  Hellion x2  
  33  3:47  SCV  
  39  3:52  Supply Depot  
  39  3:54  SCV  
  40  3:59  SCV  
  41  4:12  Fusion Core  
  41  4:14  SCV x2  
  43  4:30  Hellion  
  43  4:31  Hellion  
  47  4:34  Barracks Tech Lab  
  47  4:35  SCV x2  
  47  4:38  Refinery  
  49  4:47  SCV  
  49  4:48  SCV  
  49  4:50  Supply Depot  
  52  5:00  SCV x2  
  52  5:04  Stimpack  
  52  5:05  Barracks Reactor  
  52  5:06  Marine  
  54  5:12  Hellion x2  
  58  5:17  SCV x2  
  58  5:18  Supply Depot  
  58  5:19  Supply Depot  
  60  5:24  Marine  
  61  5:29  SCV  
  61  5:30  SCV  
  62  5:40  Battlecruiser  
  62  5:41  SCV  
  69  5:49  Marine x3  
  72  5:55  Factory Tech Lab  
  72  5:57  Barracks  
  72  6:07  SCV  
  72  6:08  SCV  
  74  6:13  Command Center  
  74  6:21  Marine  
  74  6:22  Marine, Marauder  
  74  6:24  Siege Tank  
  81  6:31  Refinery  
  81  6:39  Marine x2  
  82  6:41  Engineering Bay  
  82  6:43  Engineering Bay, Marine  
  82  6:47  Supply Depot  
  84  6:48  Bunker  
  84  6:56  Siege Tank  
  81  7:03  SCV x2  
  89  7:08  Battlecruiser  
  89  7:19  Marine x3  
  89  7:21  Combat Shield  
  92  7:25  Marine x2  
  92  7:26  Orbital Command  
  94  7:37  Marine  
  94  7:38  Marine x2  
  94  7:43  Terran Infantry Armor Level 1, Terran Infantry Weapons Level 1  
  97  7:45  Marine x2  
  99  7:54  Marine  
  99  7:56  Marine  
  101  8:05  Marine x2  
  103  8:06  Marauder  
  105  8:13  Siege Tank  
  108  8:39  Marine x4, Marauder  
  114  8:45  Orbital Command  
  108  9:02  SCV x2  
  110  9:11  Armory  
  110  9:12  Marine x4  
  110  9:13  Siege Tank  
  117  9:24  Supply Depot  
  117  9:25  Supply Depot  
  117  9:26  SCV x2, Medivac  
  121  9:32  Refinery  
  121  9:45  Barracks  
  121  9:46  Barracks  
  121  9:49  Barracks  
  121  9:56  Marine x3, Medivac  
  121  9:57  Marine  
  121  9:58  Siege Tank  
  130  10:11  Barracks  
  130  10:13  Barracks  
  130  10:16  Command Center  
  130  10:28  Marine x5  
  132  10:33  Medivac  
  137  10:46  Marine  
  138  10:59  Marine x3  
  138  11:02  Terran Infantry Armor Level 2, Terran Infantry Weapons Level 2  
  141  11:05  Supply Depot  
  141  11:06  Supply Depot  
  141  11:11  Barracks Reactor x2  
  141  11:12  Marine x2, Medivac  
  141  11:15  Barracks Reactor  
  141  11:17  Barracks Reactor, Marine  
  146  11:20  Marine  
  146  11:21  Marine  
  148  11:28  Supply Depot  
  148  11:31  Siege Tank, Supply Depot  
  148  11:42  Medivac  
  133  12:02  Marine  
  133  12:03  Marine x8  
  133  12:04  Marine x3  
  133  12:06  Marauder  
  147  12:11  Siege Tank  
  150  12:17  Refinery  
  150  12:20  Marine x3  
  150  12:21  Marine x8  
  150  12:22  Marine  
  162  12:28  Marauder  
  164  12:34  Sensor Tower  
  164  12:37  Planetary Fortress  
  164  12:41  Medivac  
  164  12:43  Siege Tank  
  169  12:53  Marine x2  
  169  12:54  Marine x6  
  169  12:55  Marine x4  
  169  12:57  SCV x3  
  184  13:06  Marauder  
  184  13:09  SCV x3  
  184  13:11  Medivac  
  191  13:21  SCV x2  
  175  13:27  Marauder  
  175  13:29  Marine  
  175  13:30  Marine x6  
  174  13:49  Marauder  
  174  13:52  Marine x2  
  174  13:53  Marine x7  
  174  13:54  Marine  
  176  14:03  Marine x2  
  159  14:10  Marine x3, Marauder  
  159  14:11  Marine x2  
  118  14:31  Marauder  
  118  14:32  Starport  
  118  14:34  Marine x5, Starport  
  118  14:35  Marine x7  
  118  14:36  Starport  
  118  14:38  Starport  
  132  14:39  Medivac  
  134  14:53  Marauder  
  134  14:57  Marine x5  
  134  14:58  Marine x7  
  148  15:03  Command Center  
  148  15:06  Command Center  
  148  15:09  Medivac  
  150  15:14  Marauder  
  150  15:15  Marine  
  150  15:20  Refinery  
  150  15:21  Refinery  
  152  15:26  Starport Reactor x2  
  152  15:27  Starport Reactor x2  
  152  15:37  Marine x5  
  152  15:38  Marine x6  
  152  15:39  Marine  
  152  15:41  Terran Infantry Armor Level 3, Terran Infantry Weapons Level 3  
  162  16:18  Marine x4  
  135  16:19  Marine x6  
  135  16:20  Marauder  
  135  16:22  Viking x4  
  135  16:23  Viking x4  
  163  16:35  Planetary Fortress  
  163  16:42  Marauder  
  163  16:44  SCV x3  
  163  16:45  Command Center  
  168  16:48  SCV  
  168  16:53  Marine x4  
  168  16:54  Marine x6  
  174  16:56  SCV x3  
  174  17:00  SCV  
  183  17:03  Marauder  
  183  17:08  SCV  
  186  17:24  Marauder  
  124  17:46  Marine x2, Marauder  
  124  17:47  Marine x8  
  124  17:48  Marine x2  
  135  17:59  Viking x6  
  135  18:00  Viking x2  
  135  18:04  Marine x3  
  135  18:05  Marine x7  
  142  18:33  Marine x2  
  142  18:34  Marine x8  
  145  18:35  Marine x3  
  145  18:38  Medivac  
  145  18:39  Medivac x2  
  145  18:40  Viking x4, Medivac  
  171  18:50  Siege Tank  
  171  18:51  Marine  
  175  18:59  Planetary Fortress  
  175  19:02  Refinery  
  175  19:06  Refinery, Command Center  
  167  19:21  Marine  
  167  19:22  Siege Tank, Marine x8  
  167  19:23  Marine x4  
  183  19:39  Marine x3  
  183  19:40  Marine x7  
  183  19:41  Marine x3  
  180  20:00  Terran Vehicle Weapons Level 1  
  180  20:12  Siege Tank  
  183  20:18  Marine x4, Marauder  
  183  20:19  Marine x7  
  183  20:20  Marine  
  197  20:39  Marauder  
  181  21:01  Marauder  
  183  21:16  Planetary Fortress  
  183  21:18  SCV x2  
  183  21:19  SCV x2  
  183  21:22  Marauder  
  189  21:30  SCV  
  189  21:31  SCV x2  
  192  21:33  Command Center  
  192  21:43  Factory  
  192  21:45  Factory  
  192  21:47  Refinery  
  192  21:49  Refinery  
  192  21:54  Factory  
  192  21:59  Marine x5  
  192  22:00  Marine x3  
  194  22:23  Marine x5  
  194  22:24  Marine  
  184  22:46  Marine x5  
  184  22:47  Marine x7  
  194  22:56  Planetary Fortress  
  194  22:58  Hi-Sec Auto Tracking  
  194  22:59  Neosteel Armor  
  191  23:11  Viking x4  
  191  23:12  Viking x5  
  182  23:15  Marine x2  
  182  23:16  Marine x7  
  182  23:17  Marine  
  169  23:45  Marine x6  
  169  23:46  Marine x6  
  112  24:13  Viking x5  
  112  24:14  Viking x3  
  128  24:39  Marine x3  
  128  24:40  Marine x8  
  128  24:41  Marine  
  128  24:45  Viking x7  
  150  24:46  Viking  
  150  24:49  Siege Tank  
  159  24:54  Terran Vehicle Weapons Level 2  
  159  25:03  Factory Reactor  
  159  25:04  Factory Reactor  
  159  25:20  Refinery  
  159  25:21  Siege Tank  
  159  25:22  Refinery  
  162  25:30  Marine x3  
  162  25:31  Marine x8  
  162  25:32  Marine  
  174  25:44  Marine  
  174  25:48  Marine x4  
  174  25:49  Marine x8  
  192  25:50  Widow Mine x5  
  197  26:11  Marine x3  
  200  26:31  Marine x3  
  200  26:32  Marine x9  
  179  26:33  Marine  
  180  26:49  Marine x5  
  180  26:50  Marine x7  
  189  26:55  Marine  
  183  27:07  Marine x5  
  188  27:15  Widow Mine x2  
  192  27:16  Widow Mine x2, Siege Tank  
  192  27:18  Marine  
  198  27:41  Viking  
  198  27:42  Viking  
  188  28:01  Marine  
  188  28:02  Marine x8  
  193  28:37  Marine  
  193  28:38  Marine x7  
  183  28:51  Marine x5  
  182  28:55  Marine x2  
  182  28:56  Marine x6  
  182  29:00  Command Center  
  185  29:09  Marine x3  
  180  29:15  Marine x4  
  180  29:16  Marine x6  
Show
View Real Time Build Order
Export as new Build Order

pHARM Zerg 

Build Orders: Hatch First 

Get SALT Encoding   

  12  0:01  Drone  
  13  0:14  Overlord  
  13  0:20  Drone  
  14  0:32  Drone x2  
  16  0:40  Drone  
  17  0:59  Drone  
  17  1:00  Hatchery  
  17  1:01  Drone  
  18  1:10  Drone  
  19  1:25  Drone, Spawning Pool  
  19  1:34  Drone  
  20  1:42  Drone, Extractor  
  21  1:51  Extractor  
  21  1:53  Drone  
  21  2:01  Overlord  
  21  2:12  Queen x2  
  21  2:13  Zergling x4  
  27  2:23  Drone  
  27  2:27  Drone  
  29  2:38  Drone  
  30  2:46  Drone  
  30  2:47  Drone x2  
  32  2:52  Queen  
  32  2:56  Metabolic Boost  
  34  3:04  Drone  
  35  3:06  Overlord x2  
  35  3:25  Drone x6  
  41  3:35  Evolution Chamber  
  41  3:37  Baneling Nest  
  39  3:45  Drone x5  
  44  3:58  Roach Warren  
  44  3:59  Drone x3  
  44  4:00  Drone x4  
  50  4:03  Zerg Melee Weapons Level 1  
  50  4:08  Drone  
  51  4:18  Extractor  
  51  4:19  Extractor  
  49  4:28  Drone x2  
  49  4:31  Overlord x2  
  51  4:32  Overlord  
  51  4:50  Overlord x2  
  51  4:52  Drone x6  
  57  4:54  Hatchery  
  57  4:57  Lair  
  56  5:04  Roach x2  
  60  5:25  Roach  
  60  5:26  Roach x5  
  72  5:59  Centrifical Hooks  
  72  6:05  Drone  
  72  6:07  Hydralisk Den  
  70  6:45  Spine Crawler  
  69  6:49  Spine Crawler  
  69  6:52  Spine Crawler  
  67  6:59  Drone x14  
  81  7:22  Extractor  
  81  7:23  Extractor  
  81  7:24  Drone  
  81  7:25  Drone  
  81  7:40  Overseer  
  81  7:46  Spore Crawler  
  81  7:48  Spore Crawler  
  81  7:51  Spore Crawler x2  
  78  7:53  Hydralisk x6  
  78  7:56  Grooved Spines  
  88  8:00  Hydralisk  
  87  8:07  Spore Crawler  
  87  8:08  Hydralisk x2  
  87  8:09  Spore Crawler  
  87  8:10  Overlord x4  
  89  8:14  Zerg Melee Weapons Level 2  
  84  9:06  Queen x3  
  84  9:07  Muscular Augments  
  90  9:17  Extractor  
  90  9:22  Infestation Pit  
  90  9:23  Drone  
  89  9:24  Spire  
  88  9:38  Drone x4, Roach x2  
  92  9:39  Drone x6, Roach x6  
  92  9:40  Overlord  
  92  9:41  Overlord x7  
  114  10:02  Drone x2  
  116  10:07  Hatchery  
  115  10:24  Hive  
  114  10:52  Zerg Flyer Armor Level 1  
  114  10:57  Roach x17  
  126  11:01  Roach  
  126  11:02  Roach x5  
  160  11:20  Hatchery  
  160  11:23  Drone x2  
  161  11:27  Drone  
  161  11:32  Hatchery  
  161  12:30  Spine Crawler  
  161  12:31  Spine Crawler  
  161  12:33  Spore Crawler, Spine Crawler  
  161  12:36  Extractor  
  156  12:38  Zerg Melee Weapons Level 3  
  156  12:40  Glial Reconstitution  
  158  12:44  Roach x9  
  158  12:45  Roach x11  
  158  12:46  Overlord x3  
  196  13:03  Overlord  
  166  13:29  Corruptor x3  
  166  13:30  Corruptor x16  
  200  13:46  Zergling x16  
  194  13:53  Zergling x2  
  194  13:54  Zergling x10  
  180  14:09  Baneling  
  126  14:10  Baneling x15  
  126  14:15  Zergling x30  
  123  14:20  Zergling x8  
  119  14:33  Zergling x2  
  119  14:34  Zergling x8  
  124  14:58  Adrenal Glands  
  124  15:00  Greater Spire  
  124  15:10  Baneling x12  
  124  15:11  Baneling x22  
  124  15:12  Zergling x32  
  124  15:13  Zergling x12  
  146  15:15  Zerg Ground Armor Level 1  
  146  15:34  Hatchery  
  146  15:35  Extractor  
  144  15:38  Extractor  
  144  15:39  Extractor  
  144  15:42  Drone x17  
  159  15:43  Drone x2  
  159  16:29  Brood Lord x2  
  159  16:30  Overlord x2  
  159  16:31  Overlord x6  
  163  16:52  Zerg Flyer Armor Level 2  
  163  17:06  Brood Lord x3  
  163  17:07  Brood Lord x8  
  185  17:14  Spine Crawler  
  184  17:17  Spine Crawler x2  
  128  17:53  Corruptor x8  
  128  17:55  Zergling x2  
  128  17:56  Zergling x26  
  105  18:27  Hydralisk x8  
  105  18:28  Hydralisk x3  
  105  18:33  Baneling x6  
  105  18:34  Baneling  
  121  19:35  Hatchery  
  120  19:42  Corruptor x12  
  141  20:17  Hydralisk x9  
  141  20:18  Hydralisk x2  
  163  20:21  Zergling x2  
  163  20:22  Zergling x2  
  165  20:43  Baneling x4  
  165  20:44  Baneling x8  
  161  21:30  Corruptor  
  161  21:31  Corruptor x9  
  181  21:49  Zerg Ground Armor Level 2  
  180  22:16  Hatchery  
  167  22:46  Zergling x2  
  167  22:47  Zergling x40  
  167  22:48  Zergling x22  
  157  23:24  Baneling x16  
  157  23:25  Baneling x29  
  157  23:26  Baneling  
  91  24:22  Extractor  
  91  24:23  Extractor  
  89  24:27  Drone  
  89  24:28  Drone x2  
  92  24:35  Zergling x2  
  92  24:36  Zergling x42  
  92  24:37  Zergling x14  
  121  24:42  Hatchery  
  120  24:52  Hatchery  
  117  25:44  Brood Lord  
  117  25:45  Brood Lord x10  
  137  26:05  Baneling x10  
  103  26:43  Drone x7  
  103  26:44  Drone x11  
  121  26:54  Hatchery  
  120  27:29  Baneling x8  
  120  27:30  Baneling x10  
  91  28:04  Zergling x26  
  70  28:15  Zergling x10  
  70  28:19  Zergling x2  
  75  28:25  Baneling x4  
  75  28:26  Baneling x2  
  72  28:27  Baneling  
  19  29:28  Hatchery  
Tags
 
Add a new tag
Caveats
  • Supply blocks, unpowered buildings, or Contaminate may cause inaccurate times.
  • Supply counts are checked every 10 seconds.